 Dungeon Crawl Stone Soup version 0.26-a0-712-ga5a9c9c9d0 (webtiles) character file.

Game seed: 1970332573083768510

46 FrothyCoffee the Changer (level 3, -2/31 HPs)
             Began as a Naga Transmuter on Nov 10, 2020.
             Slain by an adder (5 damage)
             ... on level 2 of the Dungeon.
             The game lasted 00:05:48 (1065 turns).

FrothyCoffee the Changer (Naga Transmuter)          Turns: 1065, Time: 00:05:48

Health: -2/31      AC:  2    Str: 12    XL:     3   Next: 68%
Magic:  3/6        EV: 10    Int: 14    God:
Gold:   65         SH:  0    Dex: 11    Spells: 3/6 levels left

rFire    . . .     SeeInvis +     - Unarmed
rCold    . . .     Faith    .   (no shield)
rNeg     . . .     Spirit   .   g - +0 robe
rPois    +         Reflect  .   (helmet currently unavailable)
rElec    .         Harm     .   (no cloak)
rCorr    .         Rampage  .   (no gloves)
MR       .....                  (no barding)
Stlth    +.........             (no amulet)
HPRegen  0.10/turn              (no ring)
MPRegen  0.10/turn              (no ring)

@: mighty, lethally poisoned (-2 -> -5), short of breath, appendages (expiring),
wereblooded, very slow
A: large, horns 2, see invisible, deformed body, poison resistance, slowness 2,
spit poison 1, AC +1
a: Spit Poison, End Transformation


You were on level 2 of the Dungeon.
You had grown temporary horns.
You visited 1 branch of the dungeon, and saw 2 of its levels.

You collected 65 gold pieces.

Inventory:

Hand Weapons
 a - a +0 hunting sling
Missiles
 b - 17 arrows
 c - 12 poisoned darts (quivered)
 d - 49 stones
Armour
 g - a +0 robe (worn)
Jewellery
 f - an uncursed ring of flight {unknown}
Scrolls
 h - a scroll of noise {unknown}
Potions
 e - a potion of might


   Skills:
 - Level 1.0 Fighting
 - Level 1.5 Dodging
 - Level 3.0 Unarmed Combat
 - Level 2.0 Spellcasting
 * Level 3.9 Transmutations


You had 3 spell levels left.
You knew the following spells:

 Your Spells              Type           Power        Failure   Level
a - Beastly Appendage     Tmut           ##....       4%          1
b - Wereblood             Tmut           ##......     7%          2

Your spell library contained the following spells:

 Spells                   Type           Power        Failure   Level
 Corona                   Hex            #......      24%         1
 Spider Form              Tmut/Pois      #.........   32%         3
 Ensorcelled Hibernation  Hex/Ice        #.....       34%         2
 Confusing Touch          Hex            #.......     56%         3
 Dazzling Flash           Conj/Hex       #.....       56%         3
 Tukima's Dance           Hex            #.......     56%         3
 Ice Form                 Ice/Tmut       #.......     71%         4
 Blade Hands              Tmut           ##........   78%         5


Dungeon Overview and Level Annotations

Branches:
Dungeon (2/15)

Altars:


Innate Abilities, Weirdness & Mutations

You cannot wear boots.
Your serpentine skin is tough. (AC +1)
You have supernaturally acute eyesight. (SInv)
Armour fits poorly on your strangely shaped body.
Your system is resistant to poisons. (rPois)
You cover ground very slowly.
You can spit poison.
You have a pair of horns on your head.


Message History

The adder bites you.
* * * LOW HITPOINT WARNING * * *
The adder bites you.
* * * LOW HITPOINT WARNING * * *
It was a potion of might.
You feel very mighty all of a sudden.
Your primal bloodlust has ended.
The adder bites you but does no damage.
Casting: Beastly Appendage (safe; 4% risk of failure)
Confirm with . or Enter, or press ? or * to list all spells.
Your blood is infused with primal strength.
* * * LOW HITPOINT WARNING * * *
You feel sick. The adder closely misses you.
Press: ? - help, Shift-Dir - straight line, f/p - gnoll
Aim: a gnoll, wielding a +0 spear The splash of poison hits the adder.
The adder is poisoned.
The adder is almost dead.
The adder bites you.
* * * LOW HITPOINT WARNING * * *
The adder bites you.
You die...

...+.....†..#
...#........#
............#
............######
................#
..#.......####.######
#..................
+...........>######
##@###.#.....†..†#
#S# #.#..#.####.#
#S###.#..#.# #.# .
#lg.#.#..#.####.# ...
#.).#.#.........#
.....##...#
#.##.###..##
..g.......#
........<.
..........#
##.....###
..$.......# #.....


You could see a gnoll, 2 adders and a frilled lizard.

Vanquished Creatures
  An adder (D:2)
  2 ball pythons (D:1)
  4 giant cockroaches (D:1)
  3 goblins
  5 hobgoblins
  2 jackals (D:1)
  6 kobolds (D:1)
  3 bats
  3 frilled lizards (D:1)
  8 rats
37 creatures vanquished.

Notes
Turn   | Place    | Note
-------+----------+-------------------------------------------
     0 | D:1      | FrothyCoffee the Naga Transmuter began the quest for the
                  | Orb.
     0 | D:1      | Reached XP level 1. HP: 18/18 MP: 3/3
   147 | D:1      | Reached XP level 2. HP: 23/25 MP: 3/5
   423 | D:1      | Learned a level 2 spell: Wereblood
   542 | D:1      | Reached XP level 3. HP: 29/31 MP: 2/6
  1065 | D:2      | Slain by an adder

Illustrated notes

Levels and vault maps discovered:
D:1:      scummos_arrival_star, layout_rooms
D:2:      minmay_angry_zag, layout_basic

Skill      XL: |  1  2 |
---------------+-------+-----
Transmutations | 3 |  3.9
Fighting       | |  1.0
Dodging        | |  1.5
Unarmed Combat | |  3.0
Spellcasting   | |  2.0

Action                   || total
-------------------------++-------
Melee: Unarmed           ||    65
       Headbutt          ||     7
       Punch             ||     2
Throw: Dart              ||     1
 Cast: Beastly Appendage ||    16
       Wereblood         ||    11
 Abil: Spit Poison       ||    19
  Use: Potion            ||     1
Armor: Robe              ||    11
Dodge: Dodged            ||    37

Table legend: (Time is in decaauts)
 A = Elapsed time spent in this place.
 B = Non-inter-level travel time spent in this place.
 C = Inter-level travel time spent in this place.
 D = Time resting spent in this place.
 E = Time spent auto-exploring this place.
 F = Levels seen in this place.
 G = Mean time per level.
                   A        B        C        D        E       F      G
               +--------+--------+--------+--------+--------+-----+--------+
         Total |   1253 |   1231 |     22 |    239 |    551 |   2 |  626.5 |
       Dungeon |   1253 |   1231 |     22 |    239 |    551 |   2 |  626.5 |
               +--------+--------+--------+--------+--------+-----+--------+

Top non-repeatable levels by time:
     D:1: 1146 daAuts
     D:2: 106 daAuts
